 Dungeon Crawl Stone Soup version 0.20-a0-1122-gb7cbeb9 (webtiles) character file.

6007717 Angani the Merry Centaur (level 27, 273/273 HPs)
             Began as a Centaur Hunter on May 11, 2017.
             Was the Champion of Okawaru.
             Escaped with the Orb
             ... and 10 runes on May 12, 2017!
             The game lasted 06:53:45 (136204 turns).

Angani the Merry Centaur (Centaur Hunter)         Turns: 136204, Time: 06:53:46

Health: 273/273    AC: 35    Str: 23    XL:     27
Magic:  40/40      EV: 22    Int: 14    God:    Okawaru [******]
Gold:   8344       SH:  0    Dex: 18    Spells: 26/26 levels left

rFire    + + +     SeeInvis +   K - +12 longbow of the Wolf {freeze, Dex+2 Stlth+}
rCold    + + +     Gourm    .   (shield currently unavailable)
rNeg     + + +     Faith    .   a - +10 storm dragon scales {Bai Suzhen}
rPois    +         Spirit   .   Y - -2 hat of the Alchemist {rElec rPois rF+ rC+ rN+ MR+ rMut rCorr}
rElec    +         Reflect  .   q - scarf {rC+ rF+}
rCorr    +         Harm     .   t - +1 pair of gloves of the Moneychanger {rF+ Dex+2 Stlth+}
rMut     +                      P - +0 centaur barding of Broken Taboos {rC+ rN++ Int+2}
MR       ++++.                  L - amulet of the Air {Inacc +Fly rElec EV+5 RMsl}
Stlth    ..........             z - ring of No Interval {rElec MR+ Int-5 Slay+3}
Regen    0.6/turn               e - ring of the Cockroach {*Drain Str+2 Int+7 Dex-3 Slay+2 SInv}
MPRegen  0.3/turn

@: hasted, repel missiles, very quick
A: hooves 3, deformed body, speed 2, tough skin 3
0: Orb of Zot
}: 10/15 runes: barnacled, slimy, silver, abyssal, demonic, glowing, magical,
fiery, dark, gossamer
a: Heroism, Finesse, Renounce Religion, Evoke Flight


You escaped.
You worshipped Okawaru.
Okawaru was exalted by your worship.
You were very full.

You visited 14 branches of the dungeon, and saw 60 of its levels.
You visited Pandemonium 1 time, and saw 39 of its levels.
You visited the Abyss 4 times.
You also visited: Wizlab.

You collected 12007 gold pieces.
You spent 3663 gold pieces at shops.

Inventory:

Hand Weapons
 K - the +12 longbow of the Wolf (weapon) {freeze, Dex+2 Stlth+}
   (You acquired it on level 3 of the Spider Nest)

   It causes projectiles fired from it to freeze those they strike, causing
   extra injury to most foes and up to half again as much damage against
   particularly susceptible opponents.
   They can also slow down cold-blooded creatures.
   It affects your dexterity (+2).
   It makes you more stealthy.
Missiles
 d - 411 arrows (quivered)
Armour
 a - +10 storm dragon scales (worn) {Bai Suzhen}
 q - a scarf of resistance (worn)
 t - the +1 pair of gloves of the Moneychanger (worn) {rF+ Dex+2 Stlth+}
   (You bought it in a shop on level 2 of the Depths)

   It affects your dexterity (+2).
   It protects you from fire.
   It makes you more stealthy.
 P - the +0 centaur barding of Broken Taboos (worn) {rC+ rN++ Int+2}
   (Okawaru gifted it to you on level 1 of the Spider Nest)

   It affects your intelligence (+2).
   It protects you from cold.
   It greatly protects you from negative energy.
 Y - the -2 hat of the Alchemist (worn) {rElec rPois rF+ rC+ rN+ MR+ rMut rCorr}
   (You found it on level 3 of the Elven Halls)

   It protects you from fire.
   It protects you from cold.
   It insulates you from electricity.
   It protects you from poison.
   It protects you from negative energy.
   It affects your resistance to hostile enchantments.
   It protects you from acid and corrosion.
   It protects you from mutation.
Jewellery
 e - the ring of the Cockroach (right hand) {*Drain Str+2 Int+7 Dex-3 Slay+2 SInv}
   (You found it on level 3 of the Abyss)

   [ring of see invisible]

   It affects your strength (+2).
   It affects your intelligence (+7).
   It affects your dexterity (-3).
   It affects your accuracy and damage with ranged weapons and melee attacks
   (+2).
   It lets you see invisible.
   It causes draining when unequipped.
 h - a +5 ring of slaying
 s - the ring of Shadows {Umbra +Inv Stlth+}
   (You acquired it on level 3 of the Spider Nest)

   [ring of stealth]

   It lets you turn invisible.
   It makes you more stealthy.
 z - the ring of No Interval (left hand) {rElec MR+ Int-5 Slay+3}
   (You found it on level 1 of the Depths)

   [ring of slaying]

   It affects your intelligence (-5).
   It affects your accuracy and damage with ranged weapons and melee attacks
   (+3).
   It insulates you from electricity.
   It affects your resistance to hostile enchantments.
 I - an uncursed ring of protection from fire
 L - the amulet of the Air (around neck) {Inacc +Fly rElec EV+5 RMsl}
   (You bought it in a shop on level 5 of the Depths)

   [amulet of inaccuracy]

   It reduces the accuracy of all your attacks.
   It affects your evasion (+5).
   It insulates you from electricity.
   It lets you fly.
   It protects you from missiles.
 N - the ring "Geneesext" {rF+ Int+2 Dex+4}
   (You took it off a deep elf annihilator on level 14 of the Dungeon)

   [ring of intelligence]

   It affects your intelligence (+2).
   It affects your dexterity (+4).
   It protects you from fire.
Wands
 r - a wand of acid (8/15)
 F - a wand of digging (1/24)
 X - a wand of clouds (3/9)
 Z - a wand of scattershot (3/9)
Scrolls
 g - 30 scrolls of remove curse
 o - 24 scrolls of teleportation
 v - 14 scrolls of fear
 w - 4 scrolls of holy word
 y - 11 scrolls of fog
 B - 4 scrolls of silence
 C - a scroll of enchant armour
 E - 12 scrolls of recharging
 J - 12 scrolls of blinking
 R - 8 scrolls of identify
 T - 5 scrolls of summoning
Potions
 b - 10 potions of ambrosia
 l - 4 potions of mutation
 m - 27 potions of curing
 n - 9 potions of resistance
 p - 8 potions of cancellation
 u - 11 potions of haste
 x - 8 potions of flight
 A - 7 potions of agility
 D - 15 potions of lignification
 H - 8 potions of might
 O - 4 potions of brilliance
 W - 3 potions of invisibility
Miscellaneous
 c - a phantom mirror
 i - a phial of floods
 j - the horn of Geryon
 G - a lamp of fire
 M - a fan of gales
 U - 3 sacks of spiders
Comestibles
 f - 42 bread rations


   Skills:
 O Level 27 Fighting
 O Level 27 Bows
 + Level 20.4 Armour
 + Level 20.3 Dodging
 - Level 0.4 Stealth
 O Level 27 Invocations
 O Level 27 Evocations


You had 26 spell levels left.
You didn't know any spells.

Dungeon Overview and Level Annotations

Branches:
Dungeon (15/15)            Temple (1/1) D:6            Lair (6/6) D:11
 Shoals (4/4) Lair:3       Spider (4/4) Lair:4        Slime (5/5) Lair:5
    Orc (2/2) D:10            Elf (3/3) Orc:2        Vaults (5/5) D:13
  Crypt (3/3) Vaults:2       Tomb (0/3) Crypt:3      Depths (5/5) D:15
   Hell (1/1)                 Dis (1/7) Hell            Geh (0/7) Hell
    Coc (0/7) Hell            Tar (0/7) Hell            Zot (5/5) Depths:5

Altars:
Ashenzari
Cheibriados
Fedhas
Gozag
Hepliaklqana
Kikubaaqudgha
Makhleb
Nemelex Xobeh
Okawaru
Qazlal
Ru
Trog
Uskayaw
Vehumet
Wu Jian
Xom
Yredelemnul
Zin
Lugonu

Shops:
D:5 %=*   D:7 [   D:8 [   Orc:2 =?(:   Elf:3 *   Vaults:2 !   Vaults:4 %
Depths:1 ?   Depths:2 *[   Depths:5 =}=

Portals:
Hell: Depths:1 Depths:2 Depths:3 Depths:4 Depths:5
Abyss: Depths:4
Pandemonium: Depths:3 Depths:5
Ziggurat: Depths:3

Annotations:
D:11 1 runed door, exclusion: 4 orange crystal statues
D:14 3 runed doors
Depths:1 the Enchantress


Innate Abilities, Weirdness & Mutations

You have hooves in place of feet.
Armour fits poorly on your strangely shaped body.
You cover ground very quickly.
You have extremely tough skin. (AC +3)


Message History

You climb upwards.
There is a stone staircase leading down here.
Unknown command.
Unknown command.
There is an open door here.
You open the door.
A daeva and an ophan come into view.
The daeva is wielding an eudemon blade of holy wrath.
The ophan turns its gaze towards you.
A seraph comes into view.
It is wielding a great sword of flaming.
Unknown command.
You close the door.
You feel yourself speed up.
There is an open door here.
Evoke which item? (* to show all) (? for menu, Esc to quit)
Aiming: Dig
Press: ? - help, Shift-Dir - straight line The rock shatters into small pieces.
This wand has 1 charge left.
There is a staircase leading out of the dungeon here.
You have escaped!

#.###....#....##.......##..
#)# #.####'#######'######..
#.###.# ##.........## #..
#.....###...#####...## #(.
##.#####.#.#.###.#.#.## ##.
#.# ##.##.##.#.##.##.## #.
#.###.###.###.###.###.###.
#.##.####.##.#.##.####A##.
#.'......@..............'.
###..####.#######.####..#.
#.#.###.# #.###.#.#.
#.##.#.## ##.#.##.#.
#.###.## ##.###.#.
#.##.#.## ##.#.##.#.
#.#.###.# #.###.#.#.
###..####.### ###.####..#.
#.+......†..###.........'.


There were no monsters in sight!

Vanquished Creatures
  Cerebov (Pan)
  Gloorx Vloq (Pan)
  the Royal Jelly (Slime:5)
  A seraph (Pan)
  Mnoleg (Pan)
  Lom Lobon (Pan)
  Mara (Crypt:3)
  An orb of fire (Zot:5)
  Mennas (Pan)
  4 juggernauts
  11 ancient liches
  Boris (Vaults:2)
  The ghost of cortexin the Imperceptible, a legendary VSGl of Gozag (Pan)
  Saint Roka (D:15)
  Bai Suzhen (Depths:1)
  A curse toe (Zot:5)
  Geryon (Hell)
  Xtahua (Depths:3)
  6 caustic shrikes
  A Killer Klown (Zot:5)
  Margery (Crypt:2)
  Jory (Crypt:2)
  Nikola (Shoals:3)
  2 pearl dragons (Pan)
  6 golden dragons
  A profane servitor (Abyss:3)
  2 electric golems (Zot:5)
  11 Brimstone Fiends
  5 bone dragons
  4 Tzitzimimeh (Pan)
  Jorgrun (Spider:3)
  15 tentacled monstrosities
  A hellephant (Abyss:3)
  8 Ice Fiends (Pan)
  10 Hell Sentinels
  A Cloud Mage (WizLab)
  7 liches
  17 Orb Guardians
  3 titans
  7 quicksilver dragons
  Asterion (Elf:2)
  21 acid blobs
  A deep elf blademaster (Elf:3)
  Polyphemus (Shoals:3)
  A deep elf master archer (Elf:3)
  Murray (Depths:3)
  2 death cobs
  12 sphinxes
  12 tentacled starspawn
  31 Executioners (Pan)
  2 ancient champions
  5 shadow dragons
  10 tengu reavers
  12 storm dragons
  10 pandemonium lords (Pan)
  Kirke (Lair:4)
  4 revenants
  9 draconian monks (Depths:5)
  26 daevas (Pan)
  9 fire giants
  Ilsuiw (Shoals:4)
  3 azure jellies
  8 deep elf sorcerers
  9 frost giants
  2 iron dragons
  A draconian knight (Zot:3)
  7 ghost moths
  12 warmongers (Pan)
  22 vault wardens
  2 draconian scorchers
  3 emperor scorpions
  2 draconian shifters
  45 angels (Pan)
  30 balrugs
  33 cacodemons
  11 deep elf elementalists
  3 curse skulls
  5 ghouls
  21 very ugly things
  18 ironheart preservers
  6 draconian annihilators
  4 war gargoyles
  4 spriggan defenders
  A draconian stormcaller (Zot:2)
  36 reapers
  20 stone giants
  12 entropy weavers
  13 vampire knights
  2 caustic shrike skeletons
  9 black draconians
  45 apis (Pan)
  12 corrupters (Pan)
  38 starcursed masses
  13 blood saints (Pan)
  3 deep elf demonologists
  2 yellow draconians
  9 black suns (Pan)
  26 ophanim (Pan)
  30 lorocyprocas
  6 green draconians
  Azrael (D:12)
  3 purple draconians (Depths:5)
  3 red draconians
  6 deep elf annihilators
  3 white draconians
  7 spark wasps
  3 eidola
  28 blizzard demons
  7 merfolk javelineers
  18 fire dragons
  15 ettins
  Snorg (Lair:3)
  6 deep elf death magi
  Josephine (Orc:1)
  4 death oozes (Slime:4)
  A fire dragon (shapeshifter) (Abyss:3)
  27 green deaths
  15 yaktaur captains
  12 jiangshi
  9 deep elf high priests
  4 merfolk impalers
  23 great orbs of eyes
  7 rakshasas
  17 hell beasts
  A hydra (shapeshifter) (Depths:2)
  11 ice dragons
  2 naga warriors (Abyss:3)
  41 vault guards
  7 monstrous demonspawn (Pan)
  Harold (D:10)
  A quicksilver dragon skeleton (Pan)
  14 hydras
  5 merfolk avatars (Shoals:4)
  9 spriggan air magi
  3 catoblepae
  2 merfolk aquamancers
  Erica (D:10)
  2 death knights
  15 centaur warriors
  5 satyrs
  A queen ant (Spider:1)
  49 two-headed ogres
  26 dancing weapons
  15 deep troll shamans
  8 tengu warriors
  4 orc high priests
  17 ogre magi
  9 death yaks
  20 hell hogs
  10 deep troll earth magi
  21 thrashing horrors
  9 vampire magi
  10 spriggan berserkers
  2 titan zombies (Crypt:3)
  An iron golem (Hell)
  26 hell knights
  27 deep elf knights
  43 soul eaters
  96 sun demons
  5 iron trolls
  4 titan skeletons
  A fire crab (shapeshifter) (Depths:2)
  14 wretched stars
  16 shadow wraiths
  5 unseen horrors
  18 cherubim (Pan)
  30 skeletal warriors
  48 sixfirhies
  16 sea snakes
  2 anaconda zombies (Hell)
  2 death drakes (Depths:5)
  14 infernal demonspawn (Pan)
  16 deep trolls
  6 spatial maelstroms
  2 storm dragon skeletons (Pan)
  11 gelid demonspawn (Pan)
  A sea snake (shapeshifter) (Vaults:1)
  2 unseen horrors (shapeshifter) (Depths:4)
  29 shadow demons
  15 deep elf archers
  17 torturous demonspawn (Pan)
  5 flayed ghosts
  7 glowing orange brains
  2 shadow dragon zombies (Crypt:3)
  12 wizards
  Pikel (D:6)
  19 ironbrand convokers
  12 necromancers
  12 phantasmal warriors
  10 harpies
  7 lindwurms
  2 orange crystal statues (Abyss:3)
  An orc sorcerer (Orc:2)
  A shining eye (shapeshifter) (Vaults:5)
  18 orc knights
  A golden dragon skeleton (Abyss:3)
  A wolf spider zombie (Hell)
  22 orb spiders
  96 large abominations
  A faun (shapeshifter) (Depths:2)
  8 oklob plants (Lair:5)
  A frost giant zombie (Vaults:4)
  2 mana vipers (shapeshifter)
  21 manticores
  An orb spider (shapeshifter) (Depths:3)
  A cyclops (shapeshifter) (Elf:3)
  2 stone giant zombies
  2 iron dragon skeletons (Pan)
  2 manticores (shapeshifter)
  2 fire giant zombies
  4 shining eyes
  27 wolf spiders
  9 cyclopes
  72 deep elf magi
  A salamander (shapeshifter) (Abyss:3)
  8 merfolk sirens
  38 ugly things
  6 fauns
  A salamander (Abyss:3)
  A fire giant skeleton (Vaults:2)
  4 worldbinders
  8 moths of wrath
  5 centaur zombies
  2 frost giant skeletons
  2 stone giant skeletons (Pan)
  6 apocalypse crabs
  6 black mambas
  2 dire elephant zombies
  7 elephants
  5 guardian serpents
  A molten gargoyle (Hell)
  A naga mage (Abyss:3)
  17 rust devils
  11 vault sentinels
  4 water nymphs
  A moth of wrath (shapeshifter) (Depths:3)
  7 gargoyles
  47 orange demons
  15 spiny frogs
  A torpor snail (Lair:2)
  79 smoke demons
  2 guardian serpents (shapeshifter)
  A catoblepas zombie (Crypt:3)
  14 eyes of devastation
  4 kobold demonologists
  48 demonic crawlers
  7 freezing wraiths
  A dire elephant skeleton (Crypt:3)
  A rime drake (shapeshifter) (Vaults:2)
  15 hellions
  A rime drake (Lair:6)
  10 swamp worm zombies (Crypt:1)
  17 efreet
  9 komodo dragons
  A spark wasp simulacrum (Depths:2)
  17 tormentors (Pan)
  40 yaktaurs
  3 tengu conjurers
  A grey draconian skeleton (Crypt:1)
  A harpy zombie (Hell)
  45 red devils
  A golden dragon simulacrum (Depths:2)
  6 ice devils
  13 ancient zymes
  2 catoblepas skeletons (Abyss:3)
  5 human skeletons
  2 queen bees
  A queen bee (shapeshifter) (Abyss:3)
  3 meliai (Lair:5)
  23 hellwings
  8 trolls
  2 polar bears (Lair:6)
  2 raiju (shapeshifter)
  24 merfolk
  4 hydra zombies
  Prince Ribbit (D:9)
  3 bog bodies
  45 jumping spiders
  2 meliai (shapeshifter)
  A hydra skeleton (Hell)
  8 blink frogs
  A sphinx simulacrum (Vaults:4)
  3 fire dragon zombies
  16 hippogriffs
  21 wind drakes
  11 hornets
  Grinder (D:6)
  22 raiju
  2 harpy skeletons
  An ice dragon zombie (Hell)
  12 snapping turtles
  A frost giant simulacrum (Abyss:3)
  2 ettin zombies (Crypt:3)
  22 dream sheep
  87 slime creatures
  9 spriggans
  8 flying skulls
  4 ice dragon skeletons
  76 redbacks
  11 water elementals
  5 vampires
  10 shadows
  31 tarantellas
  70 ynoxinuls
  An alligator skeleton (Crypt:3)
  2 black mamba skeletons (Pan)
  2 yaks (shapeshifter)
  A spriggan (shapeshifter) (D:14)
  2 tarantellas (shapeshifter)
  19 wraiths
  A wyvern (shapeshifter) (Depths:3)
  37 air elementals
  42 yaks
  12 fire elementals
  3 basilisks
  A fire bat (shapeshifter) (Vaults:4)
  A golden eye (shapeshifter) (D:14)
  6 wyverns
  50 chaos spawn
  40 neqoxecs
  2 fire dragon skeletons
  5 hungry ghosts
  A fire bat (Abyss:3)
  19 golden eyes
  5 hogs (Lair:4)
  A steam dragon (Lair:6)
  3 vampire mosquitoes (D:13)
  8 spatial vortices (Abyss:3)
  8 wargs
  2 nagas (Abyss:3)
  A yaktaur simulacrum (Vaults:1)
  A naga (shapeshifter) (Depths:2)
  18 insubstantial wisps (WizLab)
  24 soldier ants
  2 swamp worms (shapeshifter)
  A water moccasin (shapeshifter) (Depths:3)
  11 water moccasins
  6 acid dragons
  2 spiny frog zombies
  6 floating eyes
  18 hell hounds
  13 porcupines
  A floating eye (shapeshifter) (Depths:2)
  4 swamp drakes
  A merfolk skeleton (Crypt:2)
  4 ice beasts
  A black bear (Lair:6)
  3 phantoms
  10 eyes of draining
  A slave (D:6)
  A snapping turtle zombie (Dis:1)
  A spiny frog skeleton (Pan)
  3 hornet zombies
  53 orc warriors
  36 ogres
  4 sky beasts
  3 necrophages
  16 wolves
  17 boggarts
  26 centaurs
  4 snapping turtle skeletons (Pan)
  15 crocodiles
  7 big kobolds
  31 small abominations
  2 human zombies
  6 gnoll sergeants
  A bullfrog (shapeshifter) (Depths:3)
  20 bullfrogs
  A wyvern zombie (D:9)
  2 earth elementals (Elf:2)
  2 hippogriff skeletons (Crypt:2)
  2 glowing shapeshifter simulacra
  4 scorpions
  9 wights
  2 snapping turtle simulacra
  A yak skeleton (Crypt:2)
  30 killer bees
  A howler monkey (D:7)
  4 electric eels
  2 bullfrog zombies
  12 crimson imps
  2 human simulacra
  5 quasits
  A basilisk zombie (Crypt:2)
  7 hounds
  5 iron imps
  5 jellies
  17 orc priests
  3 bullfrog skeletons
  4 centaur skeletons
  20 orc wizards
  5 hell rats
  6 iguanas
  31 worker ants
  A demigod zombie (Crypt:2)
  A tengu skeleton (Crypt:1)
  Robin (D:3)
  7 gnolls
  A steam dragon zombie (Crypt:2)
  17 adders
  A howler monkey skeleton (D:11)
  5 shadow imps
  5 white imps
  2 ufetubi
  An adder zombie (D:5)
  2 worms
  2 dart slugs
  5 leopard geckos
  102 orcs
  7 giant cockroaches
  12 hobgoblins
  9 jackals
  7 quokkas
  A river rat zombie (Crypt:2)
  2 ball pythons
  4 bats
  5 frilled lizards
  22 goblins
  A goblin zombie (Crypt:1)
  A hobgoblin zombie (Crypt:1)
  2 jackal skeletons
  19 kobolds
  A kobold zombie (Dis:1)
  A quokka zombie (D:5)
  6 rats
  3 crawling corpses (Vaults:3)
  4 fungi
  A lurking horror (Abyss:3)
  4 plants
  11 starspawn tentacles
4448 creatures vanquished.

Vanquished Creatures (collateral kills)
  A pandemonium lord (Pan)
  An orb of fire (Zot:5)
  A tentacled monstrosity (Zot:5)
  8 Orb Guardians (Zot:5)
  An acid blob (Slime:5)
  A reaper (Pan)
  A black sun (Pan)
  2 blizzard demons (Pan)
  A hell beast (Pan)
  A soul eater (Pan)
  2 hell knights (Abyss:3)
  A shadow demon (Pan)
  A wizard (Pan)
  A torturous demonspawn (Pan)
  A necromancer (Abyss:3)
  A moth of wrath (Zot:5)
  A hellion (Pan)
  A hellwing (Pan)
  2 ynoxinuls (Pan)
  2 chaos spawn (Pan)
  2 starcursed masses (Abyss:3)
33 creatures vanquished.

Vanquished Creatures (others)
  A lich (Abyss:3)
  An Orb Guardian (Zot:5)
  An eldritch tentacle (Pan)
  A fire giant (D:14)
  A cacodemon (Pan)
  A yellow draconian (Abyss:3)
  A naga warrior (Abyss:3)
  A sun demon (Pan)
  A sixfirhy (Abyss:3)
  A torturous demonspawn (Pan)
  A wizard (Pan)
  A guardian serpent (Abyss:3)
  2 smoke demons (Pan)
  An ancient zyme (Abyss:3)
  A red devil (Pan)
  A hellwing (Pan)
  A raiju (Abyss:3)
  7 large abominations (Abyss:3)
  A vampire (Crypt:3)
  A neqoxec (Abyss:3)
  A chaos spawn (Pan)
  An insubstantial wisp (Abyss:3)
  A naga (Abyss:3)
  A centaur (D:6)
  A jelly (D:6)
  A small abomination (Abyss:3)
  12 ball lightnings (Pan)
  2 orcs (Elf:3)
  2 jackal skeletons (D:6)
  A bush (Depths:5)
  2 fire vortices (Pan)
  10 fungi
  A lurking horror (Abyss:3)
  23 plants
  21 starspawn tentacles
  52 withered plants (Crypt:3)
159 creatures vanquished.

Grand Total: 4640 creatures vanquished

Notes
Turn   | Place    | Note
-------+----------+-------------------------------------------
     0 | D:1      | Angani the Centaur Hunter began the quest for the Orb.
     0 | D:1      | Reached XP level 1. HP: 17/17 MP: 1/1
   163 | D:1      | Reached XP level 2. HP: 24/24 MP: 2/2
   510 | D:2      | Found a burning altar of Makhleb.
   513 | D:2      | Reached XP level 3. HP: 29/29 MP: 3/3
   517 | D:2      | Found a sparkling altar of Nemelex Xobeh.
   517 | D:2      | Found a sacrificial altar of Ru.
   519 | D:2      | Found a blossoming altar of Fedhas.
   530 | D:2      | Found a radiant altar of Vehumet.
   936 | D:2      | Found a shattered altar of Ashenzari.
  1049 | D:2      | Reached XP level 4. HP: 31/36 MP: 4/4
  1947 | D:3      | Noticed Robin
  2027 | D:3      | Killed Robin
  2877 | D:4      | Noticed an ogre
  2902 | D:4      | Killed an ogre
  2902 | D:4      | Reached XP level 5. HP: 5/41 MP: 5/5
  3654 | D:4      | Noticed a phantom
  3876 | D:4      | Noticed an ogre
  3899 | D:4      | Killed an ogre
  3899 | D:4      | Reached skill level 10 in Bows
  3899 | D:4      | Reached XP level 6. HP: 31/48 MP: 6/6
  4711 | D:4      | Reached XP level 7. HP: 55/55 MP: 7/7
  5064 | D:5      | Entered Level 5 of the Dungeon
  5715 | D:5      | Found Darivvap's General Store.
  5718 | D:5      | Bought an uncursed ring of see invisible for 210 gold pieces
  5718 | D:5      | Bought a scroll of fog for 28 gold pieces
  5808 | D:5      | Found Bauhunopp's Food Boutique.
  5973 | D:5      | Found Sixar's Jewellery Shoppe.
  6304 | D:6      | Noticed Pikel
  6349 | D:6      | Killed Pikel
  6349 | D:6      | Reached XP level 8. HP: 57/61 MP: 8/8
  6830 | D:6      | Noticed Grinder
  6839 | D:6      | Killed Grinder
  6905 | D:6      | Found a staircase to the Ecumenical Temple.
  6934 | Temple   | Entered the Ecumenical Temple
  6983 | Temple   | Became a worshipper of Warmaster Okawaru
  7229 | D:6      | Gained mutation: You are resistant to hostile enchantments. (MR+) [mutagenic meat]
  7254 | D:6      | Found an opulent altar of Gozag.
  7254 | D:6      | Found a stormy altar of Qazlal.
  7256 | D:6      | Found a hazy altar of Hepliaklqana.
  7428 | D:7      | Reached skill level 15 in Bows
  7562 | D:7      | Found a snail-covered altar of Cheibriados.
  7832 | D:7      | Found Xisayrph's Antique Armour Boutique.
  7883 | D:7      | Reached XP level 9. HP: 34/67 MP: 5/9
  9012 | D:8      | Reached * piety under Okawaru
  9357 | D:8      | Found Poumnine's Antique Armour Shop.
  9366 | D:8      | Got a warped scale mail
  9383 | D:8      | Identified the +4 scale mail of Wuekyo {*Slow rN+ MR+ SInv} (You found it on level 8 of the Dungeon)
 10064 | D:9      | Reached ** piety under Okawaru
 10143 | D:9      | Reached XP level 10. HP: 66/73 MP: 8/10
 10399 | D:9      | Noticed Prince Ribbit
 10408 | D:9      | Killed Prince Ribbit
 10417 | D:9      | Noticed a two-headed ogre
 10467 | D:9      | Killed a two-headed ogre
 10467 | D:9      | Reached *** piety under Okawaru
 11337 | D:10     | Entered Level 10 of the Dungeon
 11388 | D:10     | Reached **** piety under Okawaru
 11768 | D:10     | Found a staircase to the Orcish Mines.
 11906 | D:10     | Reached XP level 11. HP: 79/79 MP: 11/11
 13022 | D:11     | Found a staircase to the Lair.
 13022 | D:11     | Noticed an unseen horror
 13030 | D:11     | Killed an unseen horror
 13179 | D:11     | Received a gift from Okawaru
 13230 | D:11     | Reached ***** piety under Okawaru
 13499 | D:11     | Received a gift from Okawaru
 13824 | D:11     | Found a runed door.
 13836 | D:11     | Found a runed door.
 13836 | D:11     | Noticed an orange crystal statue
 14176 | Lair:1   | Entered Level 1 of the Lair of Beasts
 14382 | Lair:1   | Received a gift from Okawaru
 15621 | Lair:2   | Reached XP level 12. HP: 85/85 MP: 12/12
 15663 | Lair:2   | Received a gift from Okawaru
 15748 | Lair:2   | Received a gift from Okawaru
 16850 | Lair:2   | Reached ****** piety under Okawaru
 17379 | Lair:3   | Found a shattered altar of Ashenzari.
 17383 | Lair:3   | Noticed an eight-headed hydra
 17400 | Lair:3   | Killed an eight-headed hydra
 17744 | Lair:3   | Found a staircase to the Shoals.
 18482 | Lair:4   | Noticed Snorg
 18648 | Lair:3   | Killed Snorg
 19157 | Lair:4   | Received a gift from Okawaru
 19194 | Lair:4   | Noticed a seven-headed hydra
 19207 | Lair:4   | Killed a seven-headed hydra
 19223 | Lair:4   | Found a sparkling altar of Nemelex Xobeh.
 19471 | Lair:4   | Found a hole to the Spider Nest.
 19485 | Lair:4   | Received a gift from Okawaru
 19579 | Lair:4   | Noticed a seven-headed hydra
 19587 | Lair:4   | Killed a seven-headed hydra
 19609 | Lair:4   | Reached XP level 13. HP: 91/91 MP: 13/13
 19663 | Lair:4   | Noticed Kirke
 19729 | Lair:4   | Killed Kirke
 21917 | Lair:5   | Received a gift from Okawaru
 22260 | Lair:5   | Got a shimmering scale mail
 22271 | Lair:5   | Identified the +5 scale mail "Donoc" {rPois rCorr Str+3 Dex+2} (You found it on level 5 of the Lair of Beasts)
 22808 | Lair:5   | Found a staircase to the Slime Pits.
 22905 | Lair:5   | Received a gift from Okawaru
 23175 | Lair:6   | Entered Level 6 of the Lair of Beasts
 24367 | Lair:6   | Reached skill level 27 in Bows
 24430 | Lair:6   | Reached skill level 1 in Armour
 24579 | Lair:6   | Reached XP level 14. HP: 102/102 MP: 14/14
 24641 | Lair:6   | Received a gift from Okawaru
 26229 | Lair:6   | Reached skill level 5 in Fighting
 27888 | D:12     | Received a gift from Okawaru
 28155 | D:12     | Noticed Azrael
 28188 | D:12     | Killed Azrael
 29042 | D:13     | Found a gate to the Vaults.
 29467 | D:13     | Reached skill level 5 in Dodging
 30742 | D:13     | Reached skill level 5 in Armour
 30966 | Orc:1    | Entered Level 1 of the Orcish Mines
 30966 | Orc:1    | Noticed Harold
 30976 | Orc:1    | Noticed Josephine
 31201 | Orc:1    | Noticed Erica
 31572 | D:10     | Killed Harold
 31792 | D:10     | Killed Erica
 31868 | Orc:1    | Killed Josephine
 31868 | Orc:1    | Reached XP level 15. HP: 121/121 MP: 15/15
 32054 | Orc:2    | Entered Level 2 of the Orcish Mines
 32787 | Orc:2    | Found a staircase to the Elven Halls.
 32860 | Orc:2    | Received a gift from Okawaru
 33636 | Orc:2    | Found Acliygh's Antique Weapon Shop.
 33636 | Orc:2    | Found Pocwathy's Magic Scroll Emporium.
 33638 | Orc:2    | Found Qoth's Jewellery Shoppe.
 33640 | Orc:2    | Found Erahis's Book Boutique.
 33654 | Orc:2    | Bought a glowing longbow for 202 gold pieces
 35307 | D:14     | Found a runed door.
 35307 | D:14     | Noticed a fire giant
 35308 | D:14     | Noticed a frost giant
 35423 | D:14     | Noticed a shadow dragon
 35423 | D:14     | Noticed a frost giant
 35447 | D:14     | Found a runed door.
 35447 | D:14     | Noticed a tengu reaver
 35448 | D:14     | Found a runed door.
 35448 | D:14     | Noticed a fire giant
 35547 | D:14     | Noticed a tengu reaver
 35566 | D:14     | Killed a tengu reaver
 35882 | D:14     | Noticed a fire giant
 35884 | D:14     | Noticed a sphinx
 35910 | D:14     | Received a gift from Okawaru
 35918 | D:14     | Killed a fire giant
 36275 | D:14     | Received a gift from Okawaru
 36301 | D:14     | Got a shimmering jade ring
 36305 | D:14     | Identified the ring "Geneesext" {rF+ Int+2 Dex+4} (You took it off a deep elf annihilator on level 14 of the Dungeon)
 36316 | D:14     | Killed a sphinx
 36978 | D:14     | Got a scorched leather armour
 36989 | D:14     | Identified the +1 leather armour of the Game of Life {rF+ Str+6 SInv} (You found it on level 14 of the Dungeon)
 37163 | D:15     | Entered Level 15 of the Dungeon
 37190 | D:15     | Received a gift from Okawaru
 37404 | D:15     | Reached skill level 10 in Fighting
 37407 | D:15     | Reached XP level 16. HP: 134/134 MP: 16/16
 37958 | D:15     | Got a slimy great sword
 37959 | D:15     | Identified the +5 great sword of Diet Blood {freeze, *Slow rF+++ Int-3 Dex+8} (You found it on level 15 of the Dungeon)
 38171 | D:15     | Found a staircase to the Depths.
 38535 | Spider:1 | Entered Level 1 of the Spider Nest
 39333 | Spider:1 | Received a gift from Okawaru
 39337 | Spider:1 | Got a distressingly furry centaur barding {god gift}
 39359 | Spider:1 | Identified the +0 centaur barding of Broken Taboos {rC+ rN++ Int+2} (Okawaru gifted it to you on level 1 of the Spider Nest)
 40938 | Spider:2 | Received a gift from Okawaru
 41664 | Spider:3 | Received a gift from Okawaru
 41667 | Spider:3 | Got a shimmering shortbow {god gift}
 41668 | Spider:3 | Identified the +7 shortbow of Gotefeo {venom, +Inv rElec rF++ Str-2} (Okawaru gifted it to you on level 3 of the Spider Nest)
 41704 | Spider:3 | Noticed Jorgrun
 41718 | Spider:3 | Killed Jorgrun
 42040 | Spider:3 | Reached XP level 17. HP: 149/149 MP: 17/17
 42209 | Spider:3 | Identified 3 scrolls of acquirement
 42273 | Spider:3 | Got a translucent longbow
 42274 | Spider:3 | Identified the +12 longbow of the Wolf {freeze, Dex+2 Stlth+} (You acquired it on level 3 of the Spider Nest)
 42650 | Spider:3 | Received a gift from Okawaru
 43049 | Spider:4 | Entered Level 4 of the Spider Nest
 43243 | Spider:4 | Reached skill level 10 in Dodging
 43480 | Spider:4 | Received a gift from Okawaru
 43483 | Spider:4 | Got a pair of brightly glowing gloves {god gift}
 43494 | Spider:4 | Identified the +0 pair of gloves of the Bulwark {rC- Str+8} (Okawaru gifted it to you on level 4 of the Spider Nest)
 43668 | Spider:4 | Reached skill level 10 in Armour
 43913 | Spider:4 | Got a gossamer rune of Zot
 44745 | Shoals:1 | Entered Level 1 of the Shoals
 45948 | Shoals:2 | Received a gift from Okawaru
 46088 | Shoals:3 | Noticed Polyphemus
 46093 | Shoals:3 | Reached skill level 15 in Fighting
 46096 | Shoals:3 | Killed Polyphemus
 46096 | Shoals:3 | Reached XP level 18. HP: 95/163 MP: 18/18
 46474 | Shoals:3 | Noticed Nikola
 46586 | Shoals:3 | Killed Nikola
 47141 | Shoals:4 | Entered Level 4 of the Shoals
 47237 | Shoals:4 | Noticed Ilsuiw
 47252 | Shoals:4 | Killed Ilsuiw
 47651 | Shoals:4 | Found a snail-covered altar of Cheibriados.
 47996 | Shoals:4 | Found a burning altar of Makhleb.
 48001 | Shoals:4 | Received a gift from Okawaru
 49013 | Shoals:4 | Got a barnacled rune of Zot
 49905 | Depths:1 | Entered Level 1 of the Depths
 49905 | Depths:1 | Noticed Saint Roka
 50234 | D:15     | Killed Saint Roka
 50738 | Depths:1 | Found Yryiwotz's Magic Scroll Boutique.
 50743 | Depths:1 | Bought a scroll of acquirement for 988 gold pieces
 50743 | Depths:1 | Bought a scroll of blinking for 142 gold pieces
 50771 | Depths:1 | Received a gift from Okawaru
 50826 | Depths:1 | Noticed Bai Suzhen
 50878 | Depths:1 | Killed Bai Suzhen
 51518 | Depths:1 | Reached XP level 19. HP: 174/174 MP: 19/19
 51632 | Depths:1 | Received a gift from Okawaru
 51662 | Depths:1 | Noticed the Enchantress
 51686 | Depths:1 | Found a large runed door.
 51686 | Depths:1 | Found a large runed door.
 52725 | Depths:1 | Received a gift from Okawaru
 52827 | Depths:1 | Found a gateway to Hell.
 53074 | Depths:1 | Paralysed by a floating eye for 3 turns
 53084 | Depths:1 | Paralysed by a floating eye for 4 turns
 53137 | Depths:1 | Got a brightly glowing bronze ring
 53138 | Depths:1 | Identified the ring of No Interval {rElec MR+ Int-5 Slay+3} (You found it on level 1 of the Depths)
 53388 | Depths:2 | Found Maqah Lirr's Armour Boutique.
 53388 | Depths:2 | Found Ymiphi's Assorted Antiques.
 53399 | Depths:2 | Bought the +1 pair of gloves of the Moneychanger {rF+ Dex+2 Stlth+} for 640 gold pieces
 54071 | Depths:2 | Noticed a golden dragon
 54251 | Depths:2 | Received a gift from Okawaru
 54742 | Depths:2 | Noticed a caustic shrike
 55210 | Depths:2 | Killed a caustic shrike
 55739 | Depths:2 | Received a gift from Okawaru
 57157 | Depths:2 | Paralysed by a floating eye for 3 turns
 57161 | Depths:2 | Received a gift from Okawaru
 57398 | Depths:2 | Reached XP level 20. HP: 173/187 MP: 20/20
 57567 | Depths:3 | Found a one-way gate leading to the halls of Pandemonium.
 57618 | Depths:3 | Received a gift from Okawaru
 57727 | Depths:3 | Noticed a golden dragon
 57733 | Depths:3 | Killed a golden dragon
 58160 | Depths:3 | Found a gateway to a ziggurat.
 58224 | Depths:3 | Noticed Xtahua
 58246 | Depths:3 | Killed Xtahua
 58572 | Depths:3 | Received a gift from Okawaru
 58720 | Depths:3 | Noticed an ancient lich
 58745 | Depths:3 | Killed an ancient lich
 58745 | Depths:3 | Received a gift from Okawaru
 58745 | Depths:3 | Received a gift from Okawaru
 58759 | Depths:3 | Received a gift from Okawaru
 58992 | Depths:3 | Noticed a caustic shrike
 58998 | Depths:3 | Killed a caustic shrike
 59296 | Depths:3 | Received a gift from Okawaru
 59451 | Depths:3 | Noticed a juggernaut
 59487 | Depths:3 | Killed a juggernaut
 59487 | Depths:3 | Received a gift from Okawaru
 59596 | Depths:3 | Received a gift from Okawaru
 59812 | Depths:3 | Noticed an ancient lich
 59828 | Depths:3 | Killed an ancient lich
 59968 | Depths:3 | Noticed a caustic shrike
 59974 | Depths:3 | Killed a caustic shrike
 59974 | Depths:3 | Reached XP level 21. HP: 165/195 MP: 21/21
 60101 | Depths:3 | Received a gift from Okawaru
 60403 | Depths:4 | Received a gift from Okawaru
 60407 | Depths:4 | Got an ichor-stained scarf {god gift}
 60423 | Depths:4 | Identified the scarf of the Trout {rElec} (Okawaru gifted it to you on level 4 of the Depths)
 60540 | Depths:4 | Found a corrupted altar of Lugonu.
 60607 | Depths:4 | Noticed a caustic shrike
 60616 | Depths:4 | Noticed a juggernaut
 60620 | Depths:4 | Killed a caustic shrike
 60896 | Depths:4 | Killed a juggernaut
 61048 | Depths:4 | Noticed a caustic shrike
 61055 | Depths:4 | Killed a caustic shrike
 61060 | Depths:4 | Identified the cursed +1 great sword of Gerex {vamp, rF- rC+++ Str-4 Stlth+} (You took it off a tengu warrior on level 4 of the Depths)
 61196 | Depths:4 | Received a gift from Okawaru
 61197 | Depths:4 | Got a pitted helmet {god gift}
 61208 | Depths:4 | Identified the +0 helmet of Hoidof {rN+ Str+3} (Okawaru gifted it to you on level 4 of the Depths)
 61352 | Depths:4 | Identified the +6 scale mail of Watchfulness {+Blink Regen+ Str-3 Int+7} (You found it on level 4 of the Depths)
 61397 | Depths:4 | Noticed a caustic shrike
 61414 | Depths:4 | Noticed a golden dragon
 61685 | Depths:4 | Killed a caustic shrike
 61753 | Depths:4 | Killed a golden dragon
 62065 | Depths:4 | Found a one-way gate to the infinite horrors of the Abyss.
 62104 | Depths:5 | Entered Level 5 of the Depths
 62426 | Depths:5 | Reached XP level 22. HP: 158/212 MP: 22/22
 62444 | Depths:5 | Received a gift from Okawaru
 62561 | Depths:5 | Noticed a juggernaut
 62564 | Depths:5 | Killed a juggernaut
 62780 | Depths:5 | Found Lin Okuh's Jewellery Shoppe.
 62878 | Depths:5 | Received a gift from Okawaru
 62991 | Depths:5 | Received a gift from Okawaru
 63144 | Depths:5 | Received a gift from Okawaru
 63421 | Depths:5 | Noticed a golden dragon
 63426 | Depths:5 | Killed a golden dragon
 63441 | Depths:5 | Received a gift from Okawaru
 63467 | Depths:5 | Found Xuckeonn's Gadget Shop.
 63468 | Depths:5 | Found Issiwnud's Jewellery Shoppe.
 63478 | Depths:5 | Bought the amulet of the Air {Inacc +Fly rElec EV+5 RMsl} for 571 gold pieces
 63538 | Depths:5 | Reached skill level 15 in Armour
 64355 | Depths:5 | Found a gate to the Realm of Zot.
 65256 | Vaults:1 | Entered Level 1 of the Vaults
 65477 | Vaults:1 | Received a gift from Okawaru
 65490 | Vaults:1 | Reached skill level 15 in Dodging
 65505 | Vaults:1 | Identified the +2 battleaxe "Iduiromn" {venom, rF+ rN+} (Okawaru gifted it to you on level 1 of the Vaults)
 66044 | Vaults:1 | Reached XP level 23. HP: 219/219 MP: 23/23
 66774 | Vaults:2 | Noticed Boris
 66787 | Vaults:2 | Killed Boris
 67021 | Vaults:2 | Found Idedat's Distillery.
 67030 | Vaults:2 | Bought 2 potions of heal wounds for 180 gold pieces
 67030 | Vaults:2 | Bought a potion of curing for 54 gold pieces
 67030 | Vaults:2 | Bought a potion of heal wounds for 90 gold pieces
 67030 | Vaults:2 | Bought a potion of curing for 54 gold pieces
 67030 | Vaults:2 | Bought a potion of heal wounds for 90 gold pieces
 67267 | Vaults:2 | Received a gift from Okawaru
 67483 | Vaults:2 | Received a gift from Okawaru
 68083 | Vaults:2 | Found a staircase to the Crypt.
 69801 | Vaults:4 | Cast into level 3 of the Abyss (vault warden)
 69858 | Abyss:3  | Gained mutation: Your magical capacity is low. (-10% MP) [a neqoxec]
 69871 | Vaults:4 | Escaped the Abyss
 70084 | Vaults:4 | Received a gift from Okawaru
 70114 | Vaults:4 | Received a gift from Okawaru
 70573 | Vaults:4 | Reached XP level 24. HP: 218/227 MP: 20/20
 70763 | Vaults:4 | Received a gift from Okawaru
 71326 | Vaults:4 | Found Taso's Food Emporium.
 71487 | Vaults:4 | Received a gift from Okawaru
 71750 | Crypt:1  | Entered Level 1 of the Crypt
 72813 | Crypt:2  | Found a magical portal.
 72818 | WizLab   | Entered The Chambers of the Cloud Mage
 73771 | WizLab   | Identified the Catalogue of Flight
 73774 | WizLab   | Identified Misokkid's Catalogue of Flight
 74041 | Crypt:2  | Noticed Margery
 74108 | Crypt:2  | Killed Margery
 74645 | Crypt:2  | Received a gift from Okawaru
 75025 | Crypt:2  | Noticed Jory
 75042 | Crypt:2  | Killed Jory
 75330 | Crypt:3  | Entered Level 3 of the Crypt
 75785 | Crypt:3  | Identified the +0 leather armour "Yski Hau" {Int+4} (You found it on level 3 of the Crypt)
 75851 | Crypt:3  | Received a gift from Okawaru
 75896 | Crypt:3  | Noticed Mara
 75908 | Crypt:3  | Noticed Angani's illusion
 76481 | Crypt:3  | Reached XP level 25. HP: 245/245 MP: 20/20
 76488 | Crypt:3  | Got a translucent tin amulet
 76554 | Crypt:3  | Noticed Angani's illusion
 76809 | Crypt:3  | Killed Mara
 77104 | Crypt:3  | Found a staircase to the Tomb.
 77240 | Crypt:3  | Reached XP level 26. HP: 256/256 MP: 20/20
 77625 | Crypt:3  | Found an ancient bone altar of Kikubaaqudgha.
 77627 | Crypt:3  | Noticed an ancient lich
 77636 | Crypt:3  | Killed an ancient lich
 77842 | Crypt:3  | Noticed an ancient lich
 77847 | Crypt:3  | Killed an ancient lich
 77898 | Crypt:3  | Identified the amulet "Baontag" {Harm *Drain Dex+3} (You took it off a hell knight on level 3 of the Crypt)
 78588 | Elf:1    | Entered Level 1 of the Elven Halls
 79244 | Elf:1    | Received a gift from Okawaru
 79861 | Elf:2    | Noticed Asterion
 79876 | Elf:2    | Killed Asterion
 80119 | Elf:2    | Found a runed gate.
 80121 | Elf:2    | Identified the +4 morningstar of Untruth {crush, Dex+5} (You found it on level 2 of the Elven Halls)
 80131 | Elf:2    | Found a runed gate.
 80136 | Elf:2    | Found a runed gate.
 80162 | Elf:2    | Received a gift from Okawaru
 80718 | Elf:2    | Received a gift from Okawaru
 81014 | Elf:2    | Received a gift from Okawaru
 81083 | Elf:3    | Entered Level 3 of the Elven Halls
 81570 | Elf:3    | Found Godelyab's General Store.
 81577 | Elf:3    | Bought a potion of haste for 180 gold pieces
 81577 | Elf:3    | Bought a potion of heal wounds for 90 gold pieces
 81577 | Elf:3    | Bought 2 potions of agility for 144 gold pieces
 82890 | Elf:3    | Received a gift from Okawaru
 82890 | Elf:3    | Reached skill level 27 in Fighting
 82898 | Elf:3    | Reached XP level 27. HP: 256/273 MP: 20/20
 82930 | Elf:3    | Got a pitted centaur barding {god gift}
 82949 | Elf:3    | Identified the -5 centaur barding of the Queen {Int+3} (Okawaru gifted it to you on level 3 of the Elven Halls)
 82979 | Elf:3    | Got a pitted jade ring
 82982 | Elf:3    | Identified the ring of the Dropbear {*Slow rPois Int-3 SInv Stlth-} (You took it off a deep elf annihilator on level 3 of the Elven Halls)
 82989 | Elf:3    | Got a faintly glowing bone ring
 83091 | Elf:3    | Identified the Catalogue of Beguiling and Displacement
 83093 | Elf:3    | Identified the ring "Meoffije" {+Blink +Fly} (You took it off a deep elf mage on level 3 of the Elven Halls)
 83269 | Elf:3    | Got a brightly glowing crystal plate armour
 83280 | Elf:3    | Identified the +0 crystal plate armour of the Crown {rF++ rCorr Int-5 Stlth+} (You acquired it on level 3 of the Elven Halls)
 83884 | Vaults:5 | Entered Level 5 of the Vaults
 84595 | Vaults:5 | Identified the +2 pair of gloves of Faloz {rCorr} (You found it on level 5 of the Vaults)
 84600 | Vaults:5 | Identified the Disquisition on Confrontation and Dark Rituals
 84937 | Vaults:5 | Identified Wuphez Xafre's Handbook of Dusty Protection
 84994 | Vaults:5 | Received a gift from Okawaru
 85050 | Vaults:5 | Identified the Catalogue of the Dragonfly
 85452 | Vaults:5 | Reached skill level 1 in Evocations
 85660 | Vaults:5 | Received a gift from Okawaru
 85809 | Vaults:5 | Reached skill level 5 in Evocations
 85816 | Vaults:5 | Got a silver rune of Zot
 86721 | Slime:1  | Entered Level 1 of the Pits of Slime
 87303 | Slime:5  | Entered Level 5 of the Pits of Slime
 87686 | Slime:5  | Noticed the Royal Jelly
 87713 | Slime:5  | Killed the Royal Jelly
 88823 | Slime:5  | Reached skill level 10 in Evocations
 88985 | Slime:5  | Got a slimy rune of Zot
 89114 | Slime:5  | Identified the +1 scale mail of Kubroc {rC+} (You found it on level 5 of the Pits of Slime)
 89828 | Depths:4 | Voluntarily entered the Abyss.
 89869 | Abyss:2  | Gained mutation: You are clumsy. (Dex -2) [a neqoxec]
 90501 | Abyss:3  | Received a gift from Okawaru
 90513 | Abyss:3  | Found a deep blue altar of Sif Muna.
 90524 | Abyss:3  | Got an ancient bone ring
 90525 | Abyss:3  | Identified the ring of the Cockroach {*Drain Str+2 Int+7 Dex-3 Slay+2 SInv} (You found it on level 3 of the Abyss)
 91171 | Abyss:3  | Received a gift from Okawaru
 91443 | Abyss:3  | Received a gift from Okawaru
 91594 | Abyss:3  | Received a gift from Okawaru
 91957 | Abyss:3  | Gained mutation: You expend magic power (3 MP) to strengthen your wands. [a cacodemon]
 92089 | Abyss:3  | Reached skill level 15 in Evocations
 92142 | Abyss:3  | Got an abyssal rune of Zot
 93244 | Depths:4 | Escaped the Abyss
 93282 | Pan      | Entered Pandemonium
 93282 | Pan      | Noticed Mennas
 93312 | Pan      | Killed Mennas
 93312 | Pan      | Received a gift from Okawaru
 93717 | Pan      | Found an exit through the horrors of the Abyss.
 93756 | Pan      | Noticed Qucin the pandemonium lord
 94019 | Pan      | Killed Qucin the pandemonium lord
 95313 | Pan      | Found an exit through the horrors of the Abyss.
 95752 | Pan      | Noticed Gistajis the pandemonium lord
 95773 | Pan      | Killed Gistajis the pandemonium lord
 96368 | Pan      | Received a gift from Okawaru
 96581 | Pan      | Lost mutation: You are resistant to hostile enchantments. (MR+) [potion of mutation]
 96581 | Pan      | Lost mutation: Your magical capacity is low. (-10% MP) [potion of mutation]
 96581 | Pan      | Lost mutation: You expend magic power (3 MP) to strengthen your wands. [potion of mutation]
 96581 | Pan      | Lost mutation: You are clumsy. (Dex -2) [potion of mutation]
 96581 | Pan      | Gained mutation: Your flesh is heat resistant. (rF+) [potion of mutation]
 96652 | Pan      | Noticed Lacor the pandemonium lord
 96719 | Pan      | Killed Lacor the pandemonium lord
 96813 | Pan      | Found an exit through the horrors of the Abyss.
 96902 | Pan      | Received a gift from Okawaru
 96943 | Pan      | Noticed cortexin's ghost (legendary VSGl)
 97396 | Pan      | Killed cortexin's ghost
 97396 | Pan      | Received a gift from Okawaru
 97922 | Pan      | Got a scintillating copper amulet
 97923 | Pan      | Identified the amulet "Cisawoet" {+Rage rElec rC- Str-4 SInv} (You found it in Pandemonium)
 98281 | Pan      | Gained mutation: Your muscles are strong. (Str +2) [a cacodemon]
 98354 | Pan      | Noticed Timay the pandemonium lord
 98412 | Pan      | Gained mutation: You are clumsy. (Dex -2) [a cacodemon]
 99135 | Pan      | Found an exit through the horrors of the Abyss.
 99378 | Pan      | Noticed Hiwutiom the pandemonium lord
 99401 | Pan      | Killed Hiwutiom the pandemonium lord
 99471 | Pan      | Received a gift from Okawaru
 99526 | Pan      | Found an exit through the horrors of the Abyss.
100650 | Pan      | Received a gift from Okawaru
100651 | Pan      | Got a crude lajatang {god gift}
100652 | Pan      | Identified the +6 lajatang of Annihilation {freeze, rElec rF+ rN+ MR-} (Okawaru gifted it to you in Pandemonium)
100788 | Pan      | Noticed Veblik the pandemonium lord
100798 | Pan      | Killed Veblik the pandemonium lord
101613 | Pan      | Found an exit through the horrors of the Abyss.
101858 | Pan      | Received a gift from Okawaru
102074 | Pan      | Noticed Edokhari the pandemonium lord
102097 | Pan      | Killed Edokhari the pandemonium lord
102427 | Pan      | Found an exit through the horrors of the Abyss.
103380 | Pan      | Received a gift from Okawaru
103418 | Pan      | Entered the realm of Cerebov.
103837 | Pan      | Found an exit through the horrors of the Abyss.
104231 | Pan      | Received a gift from Okawaru
104289 | Pan      | Identified the +4 fire dragon scales "Hienaess" {rF++ rC- rN+ Regen+ Int-3} (You took it off a balrug in Pandemonium)
104363 | Pan      | Noticed Cerebov
104469 | Pan      | Killed Cerebov
104469 | Pan      | Received a gift from Okawaru
105093 | Pan      | Got a bound brass ring
105416 | Pan      | Identified the +1 pair of gloves of Ugohozxu {-Tele rCorr Dex+3} (You found it in Pandemonium)
105418 | Pan      | Identified the ring "Duickog" {*Slow MP-9 Str+2 Dex+4 Slay+4} (You took it off a balrug in Pandemonium)
105422 | Pan      | Identified the cursed +0 scale mail "Jipebyse" {rElec MR+ Dex+2} (You found it in Pandemonium)
105439 | Pan      | Got a fiery rune of Zot
106469 | Pan      | Found an exit through the horrors of the Abyss.
107799 | Pan      | Noticed Xamnamut the pandemonium lord
107805 | Pan      | Killed Xamnamut the pandemonium lord
107958 | Pan      | Got a demonic rune of Zot
108226 | Pan      | Received a gift from Okawaru
108640 | Pan      | Noticed Xixzefel the pandemonium lord
108659 | Pan      | Received a gift from Okawaru
108923 | Pan      | Received a gift from Okawaru
108926 | Pan      | Got a pitted longbow {god gift}
108927 | Pan      | Identified the +3 longbow of Invincibility {venom, +Inv Dex+2} (Okawaru gifted it to you in Pandemonium)
109252 | Pan      | Gained mutation: Your magical capacity is low. (-10% MP) [a cacodemon]
109257 | Pan      | Killed Xixzefel the pandemonium lord
109803 | Pan      | Found an exit through the horrors of the Abyss.
110341 | Pan      | Noticed a seraph
110352 | Pan      | Found a glowing golden altar of the Shining One.
111669 | Pan      | Received a gift from Okawaru
112008 | Pan      | Found a glowing silver altar of Zin.
112976 | Pan      | Reached skill level 27 in Evocations
112976 | Pan      | Reached skill level 1 in Invocations
113471 | Pan      | Reached skill level 5 in Invocations
113520 | Pan      | Found a white marble altar of Elyvilon.
114007 | Pan      | Received a gift from Okawaru
114010 | Pan      | Got a distressingly furry centaur barding {god gift}
114098 | Pan      | Identified the +4 centaur barding "Xiddirul" {*Corrode Str+4} (Okawaru gifted it to you in Pandemonium)
114155 | Pan      | Got a shimmering golden ring
114157 | Pan      | Identified the ring "Xitzeny" {rPois rF+ Int+4} (You found it in Pandemonium)
114244 | Pan      | Reached skill level 10 in Invocations
116036 | Pan      | Killed a seraph
116290 | Pan      | Got a steaming iron ring
116376 | Pan      | Identified the ring "Rybi" {+Fly rN++ Str+2 Dex-3} (You took it off a cherub in Pandemonium)
116673 | Pan      | Received a gift from Okawaru
116768 | Pan      | Reached skill level 15 in Invocations
117337 | Pan      | Found an exit through the horrors of the Abyss.
117431 | Pan      | Noticed Dodd the pandemonium lord
117450 | Pan      | Killed Dodd the pandemonium lord
117569 | Pan      | Received a gift from Okawaru
117806 | Pan      | Received a gift from Okawaru
117884 | Pan      | Identified the +1 robe of Parlour Games {*Slow +Inv rPois} (Okawaru gifted it to you in Pandemonium)
118027 | Pan      | Found an exit through the horrors of the Abyss.
119345 | Pan      | Found an exit through the horrors of the Abyss.
119357 | Pan      | Entered the realm of Gloorx Vloq.
119508 | Pan      | Found an exit through the horrors of the Abyss.
121493 | Pan      | Noticed Gloorx Vloq
121808 | Pan      | Received a gift from Okawaru
121860 | Pan      | Killed Gloorx Vloq
121860 | Pan      | Received a gift from Okawaru
122304 | Pan      | Got a dark rune of Zot
122974 | Pan      | Cast into level 2 of the Abyss (reaper)
123168 | Abyss:2  | Received a gift from Okawaru
123442 | Pan      | Escaped the Abyss
125034 | Pan      | Found an exit through the horrors of the Abyss.
125272 | Pan      | Noticed Yduitz the pandemonium lord
125301 | Pan      | Killed Yduitz the pandemonium lord
125301 | Pan      | Received a gift from Okawaru
125602 | Pan      | Entered the realm of Lom Lobon.
125674 | Pan      | Found an exit through the horrors of the Abyss.
126437 | Pan      | Received a gift from Okawaru
126440 | Pan      | Identified the +1 fire dragon scales "Komit" {rF++ rC- SInv} (Okawaru gifted it to you in Pandemonium)
126484 | Pan      | Noticed Lom Lobon
126500 | Pan      | Killed Lom Lobon
126684 | Pan      | Got a magical rune of Zot
127220 | Pan      | Found an exit through the horrors of the Abyss.
127286 | Pan      | Noticed Dohoiblom the pandemonium lord
127326 | Pan      | Killed Dohoiblom the pandemonium lord
127884 | Pan      | Entered the realm of Mnoleg.
128285 | Pan      | Found an exit through the horrors of the Abyss.
128523 | Pan      | Lost mutation: Your muscles are strong. (Str +2) [a cacodemon]
128561 | Pan      | Gained mutation: You do not regenerate when monsters are visible. [a neqoxec]
128770 | Pan      | Gained mutation: You expend magic power (3 MP) to strengthen your wands. [a neqoxec]
128943 | Pan      | Lost mutation: You do not regenerate when monsters are visible. [potion of mutation]
128943 | Pan      | Lost mutation: You are clumsy. (Dex -2) [potion of mutation]
128943 | Pan      | Lost mutation: Your magical capacity is low. (-10% MP) [potion of mutation]
128943 | Pan      | Lost mutation: You expend magic power (3 MP) to strengthen your wands. [potion of mutation]
128977 | Pan      | Gained mutation: Your spells are a little easier to cast, but a little less powerful. [a neqoxec]
129170 | Pan      | Noticed Mnoleg
129206 | Pan      | Killed Mnoleg
129206 | Pan      | Received a gift from Okawaru
129267 | Pan      | Received a gift from Okawaru
129373 | Pan      | Got a glowing rune of Zot
129698 | Pan      | Found an exit through the horrors of the Abyss.
129814 | Pan      | Took an exit into the Abyss.
129814 | Abyss:1  | Escaped into the Abyss
129826 | Abyss:1  | Paralysed by accursed screaming for 1 turns
130028 | Abyss:1  | Found a corrupted altar of Lugonu.
130043 | Abyss:1  | Received a gift from Okawaru
130043 | Abyss:1  | Reached skill level 27 in Invocations
130046 | Abyss:1  | Identified the scarf "Poxkiwoava" {*Corrode MR+ Str+4 Dex+3} (Okawaru gifted it to you on level 1 of the Abyss)
130151 | Depths:3 | Escaped the Abyss
130176 | Hell     | Entered the Vestibule of Hell
130176 | Hell     | Noticed Geryon
130512 | Hell     | Noticed Murray
130673 | Hell     | Killed Geryon
131153 | Depths:3 | Killed Murray
131826 | Hell     | Found a gateway to the freezing wastes of Cocytus.
132163 | Hell     | Found a gateway to the ashen valley of Gehenna.
132227 | Hell     | Found a gateway to the decaying netherworld of Tartarus.
132320 | Hell     | Found a gateway to the Iron City of Dis.
132537 | Dis:1    | Entered Level 1 of the Iron City of Dis
133373 | Zot:1    | Entered Level 1 of the Realm of Zot
133853 | Depths:5 | Noticed a juggernaut
133863 | Depths:5 | Killed a juggernaut
134149 | Zot:1    | Received a gift from Okawaru
134428 | Zot:2    | Received a gift from Okawaru
134758 | Zot:3    | Received a gift from Okawaru
135043 | Zot:4    | Received a gift from Okawaru
135090 | Zot:5    | Entered Level 5 of the Realm of Zot
135256 | Zot:5    | Received a gift from Okawaru
135308 | Zot:5    | Noticed an ancient lich
135308 | Zot:5    | Noticed an ancient lich
135309 | Zot:5    | Noticed an orb of fire
135325 | Zot:5    | Killed an ancient lich
135330 | Zot:5    | Killed an ancient lich
135337 | Zot:5    | Noticed an ancient lich
135341 | Zot:5    | Killed an ancient lich
135348 | Zot:5    | Gained mutation: You tend to lose your temper in combat. [a Zot trap]
135357 | Zot:5    | Received a gift from Okawaru
135376 | Zot:5    | Killed an orb of fire
135391 | Zot:5    | Noticed an orb of fire
135403 | Zot:5    | Killed an orb of fire
135422 | Zot:5    | Noticed an ancient lich
135433 | Zot:5    | Killed an ancient lich
135433 | Zot:5    | Received a gift from Okawaru
135457 | Zot:5    | Got the Orb of Zot
135486 | Zot:5    | Noticed an ancient lich
135496 | Zot:5    | Killed an ancient lich
135503 | Zot:5    | Noticed an ancient lich
135511 | Zot:5    | Noticed an ancient lich
135522 | Zot:5    | Killed an ancient lich
135522 | Zot:5    | Received a gift from Okawaru
135522 | Zot:5    | Killed an ancient lich
135860 | D:13     | Lost mutation: Your flesh is heat resistant. (rF+) [potion of mutation]
135861 | D:13     | Lost mutation: Your spells are a little easier to cast, but a little less powerful. [potion of mutation]
135861 | D:13     | Lost mutation: You tend to lose your temper in combat. [potion of mutation]
136171 | D:1      | Noticed a seraph
136204 | D:$      | Escaped with the Orb!

Vault maps used:
D:1:      roderic_octagonal_star
D:2:      cheibrodos_greedy_goblins, grunt_temple_overflow_open, first_bread,
          evilmike_ruin_ashenzari
D:3:      uniq_robin
D:5:      serial_shops, shop, kennysheep_mini_moat, shop
D:6:      gammafunk_temple_overflow_claw, minmay_temple_entry_crystal_x,
          bh_walls_and_bars, uniq_pikel, uniq_grinder
D:7:      serial_shops, nicolae_shop_stone, serial_bayou_lagoon_a,
          cheibriados_altar_1
D:8:      serial_shops, shop_fountains
D:9:      uniq_prince_ribbit1
D:10:     kennysheep_orc_monster_closet_entryway
D:11:     lair_entry_dummy, david_nohive_1, chequers_guarded_unrand_ignorance
D:12:     kennysheep_generic_room_10, uniq_azrael
D:13:     david_vaults_1
D:14:     minmay_misc_feat_encased, special_room,
          minmay_the_grid_triangle_9x9_rhombus_full_mashed
D:15:     grunt_enter_depths_hoard, hangedman_decor_clover_reticule,
          st_stairs_8, nrook_guardian_serpent_ordinary
Temple:   jpeg_temple_clearing
Lair:1:   grunt_megastairs_5, serial_bayou_shore_a, lemuel_fruit_tree,
          serial_bayou_shore_b
Lair:2:   serial_bayou_lake_a
Lair:3:   minmay_shoals_entry_beasts, basic_altar
Lair:4:   spider_nest_entry_webs, basic_altar, uniq_snorg, uniq_kirke
Lair:5:   minmay_slime_entry_oklob_enclosed, special_room, grunt_megastairs_3,
          minmay_lair_oklob_chamber
Lair:6:   grunt_lair_end_beastmaster, guppyfry_lair_drakes
Shoals:2: kb_tengu_band
Shoals:3: uniq_nikola, uniq_polyphemus
Shoals:4: shoals_end_simple, shoals_ilsuiw_ice, hangedman_feature_mirror
Spider:1: minivault_29
Spider:3: guppyfry_spider_mini_1, nicolae_spider_cling_ruins, uniq_jorgrun
Spider:4: grunt_spider_rune_island
Slime:1:  cheibrodos_slime_lost_civilization_1, basic_altar
Orc:1:    lightli_orcish_oven, uniq_erica, uniq_harold, uniq_josephine
Orc:2:    st_orc_rangers
Elf:1:    minmay_elf_arrival_plus, kennysheep_underground_church
Elf:2:    columned_hall_lemuel, minivault_20, uniq_asterion
Elf:3:    minmay_elf_hall_spiked, serial_shops, nicolae_shop_stone
Vaults:1: nicolae_vaults_yaktaur_gun_rack, grunt_vaults_hallway_short,
          nicolae_vaults_windows_and_doors_thing, v_misc_29, vaults_room_fours,
          ontoclasm_vaults_twist, vaults_mumra_lcd, v_misc_11,
          nicolae_vaults_network_square, st_lattice,
          nicolae_vaults_little_squares_2, vaults_room_grid
Vaults:2: minmay_crypt_entry_simple_plaza, vaults_room_door_hall,
          nicolae_vaults_inception_scallops, nicolae_vaults_diagonal_hallway_6,
          nicolae_vaults_meeting, serial_ice_g,
          nicolae_vaults_twisting_passages, grunt_vaults_funnel,
          nicolae_vaults_specimen_jars, ontoclasm_vaults_chip, serial_shops,
          shop, uniq_boris
Vaults:3: v_misc_17, v_pattern_4, v_misc_22, ontoclasm_vaults_fault,
          hangedman_vaults_capsules, grunt_vaults_bifocal, v_misc_31,
          nicolae_vaults_little_squares_3, nicolae_vaults_shelves_hall,
          vaults_mumra_minichess, v_alt_pattern_3, nicolae_vaults_octagons,
          nicolae_vaults_diagonal_hallway_8
Vaults:4: v_alt_pattern_1, nicolae_vaults_border_crossing,
          hangedman_vaults_impose, nicolae_vaults_display_case, serial_shops,
          nicolae_shop_behind_doors
Crypt:1:  lemuel_dead_fish_pool, grunt_ministairs_7, minmay_misc_feat_rows
Crypt:2:  mu_enter_wizlab_7, basic_stair_grate_trap, uniq_jory, uniq_margery
Crypt:3:  quadcrypt_mu, uniq_mara
Depths:1: serial_shops, shop, grunt_hell_entry_dis_mu, eino_curves_01,
          statue_in_the_mist_lemuel, hangedman_eye_storm, uniq_bai_suzhen,
          uniq_saint_roka, uniq_enchantress
Depths:2: evilmike_inaccessible_box, minmay_staircase_statues_hall_small,
          pf_hell_entry_tar_spiral, kennysheep_generic_room_16, minmay_shoptagon
Depths:3: hangedman_pleasuredromes, hell_entry, pan_entry, uniq_xtahua
Depths:4: minmay_three_patterns, infiniplex_staircase_star,
          abyss_entry_flame_altar, hell_entry
Depths:5: lemuel_castle_with_subvaults, marbit_kobold_abyss_entry, special_room,
          pf_vacation_house_of_asmodeus, pan_entry, basic_stair_grate_trap,
          minmay_shop_grove
Dis:1:    hangedman_dis_decor_blocks_talon
Zot:2:    hangedman_snake_sidewinding
Zot:3:    st_small_dragon_hoard_5
Zot:5:    grunt_ministairs_11
Abyss:1:  hangedman_abyss_batty_box
Abyss:2:  evilmike_abyss_exit_chaos
Abyss:3:  bh_abyss_exit_choice, hangedman_abyss_rune_flesh_and_stone,
          minivault_25_ag
Pan:      nicolae_pan_door_chamber, uniq_mennas_pan, grunt_pan_zigzag,
          pan_blood_fountain, nicolae_pan_sigil_obb, rand_demon_1,
          evilmike_mini_pan_layers, rand_demon_5, evilmike_mini_pan_diamond,
          pan_blood_fountain, nicolae_pan_cerebovesque_1,
          evilmike_mini_pan_diamond, special_room, evilmike_mini_pan_thingy,
          reaverb_pan_chaos_star, cerebov_grunt, lemuel_hall_of_pain,
          rand_demon_8, nicolae_pan_strange_glyphs, evilmike_mini_pan_T,
          pan_blood_fountain_small, rand_demon_5, pan_blood_fountain_small,
          rand_demon_9, rand_demon_2, nicolae_pan_mnolegish_5,
          evilmike_holy_pan, nicolae_pan_hourglass, evilmike_mini_pan_T,
          pan_blood_fountain_2, pan_blood_fountain_small,
          evilmike_mini_pan_corner, reaverb_pan_figure_eight, rand_demon_2,
          rand_demon_6, rand_demon_5, evilmike_mini_pan_T,
          pan_blood_fountain_small, evilmike_gloorx_vloq_box,
          nicolae_pan_gloorx_vloqian_4, evilmike_mini_pan_pillars, special_room,
          evilmike_mini_pan_diamond, nicolae_pan_cerebovesque_4, rand_demon_9,
          evilmike_mini_pan_branches, pan_blood_fountain_small,
          evilmike_mini_pan_thingy, nicolae_pan_sigil_obb, grunt_pan_spiral,
          evilmike_mini_pan_corridor, evilmike_mini_pan_pillars_b, lom_lobon_st,
          nicolae_pan_lom_lobonic_3, evilmike_mini_pan_doors,
          nicolae_pan_cerebovesque_3, nicolae_pan_sigil_uleosi,
          nicolae_pan_strange_glyphs, evilmike_mini_pan_pillars_b,
          pan_blood_fountain_small, rand_demon_4, nicolae_pan_sigil_obb,
          nicolae_pan_cerebovesque_3, evilmike_mini_pan_doors_b,
          evilmike_mnoleg_eyes, evilmike_mini_pan_branches
WizLab:   wizlab_cloud

Skill      XL: |  1  2  3  4  5  6  7  8  9 10 11 12 13 14 15 16 17 18 19 20 21 22 23 24 25 26 27 |
---------------+----------------------------------------------------------------------------------+-----
Bows           | 6 7 9 10 13 15 17 20 22 25 27 | 27.0
Armour         | 1 5 7 9 10 11 13 15 16 20 | 20.4
Fighting       | 3 7 10 13 15 16 18 21 24 27 | 27.0
Dodging        | 5 8 10 11 14 15 17 20 | 20.3
Evocations     | 27 | 27.0
Invocations    | 27 | 27.0
Stealth        | |  0.4

Action                   |  1- 3 |  4- 6 |  7- 9 | 10-12 | 13-15 | 16-18 | 19-21 | 22-24 | 25-27 || total
-------------------------+-------+-------+-------+-------+-------+-------+-------+-------+-------++-------
Melee: Scimitar          |     9 |   135 |       |       |       |       |       |       |       ||   144
       Short sword       |     6 |       |       |       |       |       |       |       |       ||     6
       Kick              |     2 |    28 |       |       |   162 |       |       |       |       ||   192
       Unarmed           |       |       |       |       |   214 |       |       |       |       ||   214
       Longbow           |       |       |       |       |     1 |       |       |       |       ||     1
 Fire: Shortbow          |    86 |    66 |   484 |  1163 |  1880 |       |       |       |       ||  3679
       Longbow           |       |       |       |       |   425 |  1547 |  1189 |  2202 |  8866 || 14229
Throw: Throwing net      |       |     3 |       |       |       |       |       |       |       ||     3
 Abil: Evoke Flight      |       |       |       |       |       |       |       |       |     8 ||     8
       Stop Flying       |       |       |       |       |       |       |       |       |     1 ||     1
Evoke: Wand              |       |       |       |       |     3 |     1 |     7 |       |    20 ||    31
       Box of beasts     |       |       |       |       |       |       |       |       |    16 ||    16
       Phantom mirror    |       |       |       |       |       |       |       |       |     9 ||     9
       Sack of spiders   |       |       |       |       |       |       |       |       |     3 ||     3
       Fan of gales      |       |       |       |       |       |       |       |       |     1 ||     1
       Horn of Geryon    |       |       |       |       |       |       |       |       |     1 ||     1
       Phial of floods   |       |       |       |       |       |       |       |       |     1 ||     1
  Use: Scroll            |       |     9 |     9 |     7 |    14 |    24 |    13 |     7 |    55 ||   138
       Potion            |       |       |       |     1 |     1 |     3 |     2 |     3 |    40 ||    50
 Stab: Held in net/web   |       |     1 |       |       |       |       |       |       |       ||     1
  Eat: Chunk             |       |    15 |     8 |    19 |    54 |    31 |    10 |       |     3 ||   140
       Fruit             |       |       |       |     4 |       |     3 |     1 |     7 |    29 ||    44
       Meat ration       |       |       |       |       |       |     1 |     3 |     4 |    15 ||    23
       Royal jelly       |       |       |       |       |       |       |       |     3 |    18 ||    21
       Bread ration      |       |       |       |       |       |       |       |       |     7 ||     7
Armor: Leather armour    |    10 |    63 |    28 |       |       |       |       |       |       ||   101
       Scale mail        |       |       |    11 |   143 |   458 |   325 |       |       |       ||   937
       Storm dragon scal |       |       |       |       |       |       |   286 |   341 |  1474 ||  2101
       Skin              |       |       |       |       |       |       |       |       |   134 ||   134
Dodge: Dodged            |    17 |    82 |    28 |    97 |   230 |   285 |   131 |   541 |  2146 ||  3557
       Deflected         |       |       |       |       |       |       |       |    41 |   145 ||   186
       Rpst.: Scimitar   |     4 |    22 |       |       |       |       |       |       |       ||    26
